AoeStats
← albanplumed

MegaRandom

507137182Analyzed
4v4 RM · 15d ago on Sep 16, 2026· 77m 4s· 8 players
Game mode
Random Map
Map size
Large (8 player)
Population
200
Speed
Normal
Resources
Standard
Victory
Conquest
Starting age
Dark Age
Ending age
Imperial Age
RankedLock teamsTeams togetherTeam positionsShared explorationLock speedFull tech treeHidden civsTurbo modeCheats
Victory
Defeat
🇹🇷 Saracens · Türkiye
1428
+10
🇹🇷 Spanish · Türkiye
1390
+12
🇹🇷 Mongols · Türkiye
1292
+16
🇹🇷 Berbers · Türkiye
1269
+17
🇲🇽 Burmese · Mexico
1343
-16
🇲🇽 Shu · Mexico
1296
-14
🇩🇪 Malay · Germany
1277
-13
🇺🇸 Vietnamese · United States
1258
-12
ShangDynasty11
7:06 Loom
10:13 Feudal Age
10:16 Man-at-Arms
14:12 Fletching
15:10 Padded Archer Armor
27:59 Castle Age
28:24 Crossbowman
29:11 Bodkin Arrow
34:28 Double-Bit Axe
41:47 Wheelbarrow
43:06 Horse Collar
43:38 Bow Saw
43:43 Heavy Plow
47:41 Hand Cart
47:13 Town Watch
47:32 Caravan
49:42 Scale Barding Armor
49:47 Forging
49:38 Scale Mail Armor
52:16 Town Patrol
56:21 Chain Barding Armor
59:29 Imperial Age
58:09 Chain Barding Armor
57:14 Light Cavalry
57:54 Husbandry
59:33 Iron Casting
59:59 Chatras
60:13 Bloodlines
60:58 Plate Barding Armor
60:24 Bracer
60:48 Elite Battle Elephant
62:02 Paper Money
63:51 Two-Man Saw
64:28 Ballistics
65:32 Chemistry
YuF
6:56 Loom
12:07 Feudal Age
16:14 Castle Age
14:12 Horse Collar
17:06 Wheelbarrow
17:55 Heavy Plow
19:32 Padded Archer Armor
21:42 Fervor
22:42 Fletching
23:14 Town Watch
24:14 Gold Mining
25:44 Husbandry
27:10 Bloodlines
28:26 Bodkin Arrow
29:17 Stone Mining
30:25 Hand Cart
32:05 Manipur Cavalry
33:31 Gold Shaft Mining
38:52 Imperial Age
36:53 Scale Barding Armor
37:23 Ballistics
37:14 Masonry
36:30 Light Cavalry
38:56 Elite Arambai
41:02 Chemistry
40:16 Bracer
40:44 Parthian Tactics
41:32 Guilds
41:55 Treadmill Crane
42:30 Forging
41:46 Hussar
42:46 Caravan
43:51 Elite Battle Elephant
44:52 Chain Barding Armor
44:58 Conscription
45:02 Siege Engineers
46:36 Plate Barding Armor
46:10 Town Patrol
46:23 Howdah
47:02 Iron Casting
47:11 Crop Rotation
48:47 Blast Furnace
47:41 Capped Ram
48:55 Architecture
57:30 Scale Mail Armor
57:26 Onager
58:35 Murder Holes
smen
7:12 Loom
7:47 Loom
13:48 Feudal Age
17:29 Castle Age
15:47 Double-Bit Axe
16:17 Fletching
17:02 Gold Mining
17:43 Padded Archer Armor
17:46 Crossbowman
18:29 Bodkin Arrow
19:22 Town Watch
19:54 Horse Collar
23:10 Leather Archer Armor
26:36 Thumb Ring
27:00 Bow Saw
32:02 Ballistics
37:34 Imperial Age
37:18 Masonry
38:33 Bracer
43:09 Architecture
43:46 Chemistry
42:53 Siege Engineers
44:19 Capped Ram
46:23 Hoardings
45:46 Siege Ram
46:40 Murder Holes
47:09 Scale Barding Armor
47:14 Forging
48:26 Chain Barding Armor
48:31 Husbandry
47:52 Light Cavalry
48:40 Heavy Plow
51:10 Plate Barding Armor
51:15 Wheelbarrow
51:07 Caravan
52:15 Guilds
52:49 Hand Cart
53:54 Two-Man Saw
60:05 Conscription
64:56 Squires
64:17 Pikeman
65:00 Coiled Serpent Array
64:26 Pikeman
65:07 Squires
64:53 Gambesons
65:17 Halberdier
Replikator
8:21 Loom
10:33 Feudal Age
14:07 Double-Bit Axe
18:21 Forging
18:29 Horse Collar
22:50 Castle Age
22:13 Fletching
22:52 Bodkin Arrow
23:34 Bow Saw
25:16 Padded Archer Armor
29:33 Husbandry
30:34 Ballistics
31:10 Elite Skirmisher
36:47 Imperial Age
34:19 Pikeman
35:16 Leather Archer Armor
35:39 Thumb Ring
36:44 Bracer
39:09 Imperial Skirmisher
41:20 Wheelbarrow
40:32 Town Watch
42:26 Ring Archer Armor
46:55 Halberdier
47:36 Squires
ysk
9:28 Loom
12:06 Feudal Age
13:30 Double-Bit Axe
13:32 Horse Collar
18:02 Castle Age
17:04 Bloodlines
17:06 Stone Mining
19:24 Wheelbarrow
20:30 Bow Saw
24:31 Fletching
26:07 Bodkin Arrow
27:11 Heavy Plow
27:40 Husbandry
27:44 Padded Archer Armor
28:41 Ballistics
29:11 Leather Archer Armor
33:04 Imperial Age
31:51 Hand Cart
34:04 Light Cavalry
35:27 Town Watch
37:00 Conscription
36:53 Elite Skirmisher
37:39 Thumb Ring
37:37 Hussar
38:33 Elite Genitour
39:18 Bracer
39:24 Scale Barding Armor
39:30 Forging
40:29 Caravan
41:57 Chain Barding Armor
42:13 Iron Casting
47:56 Coinage
49:08 Blast Furnace
50:17 Chemistry
52:48 Banking
60:26 Drill
61:02 Capped Ram
62:10 Siege Ram
63:55 Elite Mangudai
albanplumed
9:28 Loom
11:21 Feudal Age
13:22 Horse Collar
21:42 Castle Age
19:52 Double-Bit Axe
20:46 Bloodlines
24:21 Scale Barding Armor
27:41 Fletching
33:26 Husbandry
34:47 Wheelbarrow
34:14 Padded Archer Armor
35:17 Town Watch
37:29 Gold Mining
37:54 Forging
39:08 Gold Shaft Mining
38:17 Elite Skirmisher
39:09 Thumb Ring
40:05 Heavy Plow
42:12 Caravan
43:16 Ballistics
45:29 Imperial Age
43:14 Bodkin Arrow
45:05 Hand Cart
46:06 Leather Archer Armor
49:36 Bow Saw
52:08 Bracer
52:39 Ring Archer Armor
53:11 Chemistry
55:24 Chain Barding Armor
55:39 Iron Casting
54:49 Light Cavalry
55:36 Hussar
57:37 Conscription
58:07 Town Patrol
58:48 Plate Barding Armor
59:34 Hoardings
59:14 Heavy Camel Rider
60:13 Masonry
61:14 Blast Furnace
63:50 Crop Rotation
63:20 Murder Holes
63:29 Cavalier
64:26 Kasbah
65:51 Scale Mail Armor
71:04 Town Patrol
71:55 Maghrebi Camels
OsmanAbi
8:12 Loom
10:34 Feudal Age
12:24 Double-Bit Axe
14:41 Horse Collar
16:34 Fletching
24:42 Castle Age
22:54 Scale Barding Armor
32:13 Bow Saw
32:03 Heavy Plow
37:59 Forging
38:10 Chain Barding Armor
39:38 Caravan
40:43 Stone Mining
40:43 Gold Mining
42:29 Bodkin Arrow
43:10 Iron Casting
44:21 Wheelbarrow
47:55 Imperial Age
47:19 Ballistics
48:01 Bloodlines
47:52 Husbandry
48:58 Light Cavalry
50:11 Town Watch
50:41 Hand Cart
50:52 Conscription
51:18 Elite Mameluke
56:18 Plate Barding Armor
59:36 Town Patrol
61:25 Blast Furnace
61:30 Hussar
71:07 Bracer
Sem
8:08 Loom
12:39 Feudal Age
22:12 Castle Age
20:58 Fletching
21:42 Double-Bit Axe
37:22 Bow Saw
42:09 Horse Collar
44:39 Bodkin Arrow
45:06 Padded Archer Armor
44:53 Elite Skirmisher
46:22 Leather Archer Armor
47:59 Ballistics
48:15 Caravan
49:42 Town Watch
50:33 Wheelbarrow
54:49 Imperial Age
55:29 Bracer
56:00 Ring Archer Armor
58:23 Chemistry
58:48 Masonry
59:58 Pikeman
60:38 Squires
60:24 Arson
60:50 Forging
60:41 Scale Mail Armor
62:29 Iron Casting
63:28 Chain Mail Armor
64:38 Blast Furnace
63:00 Halberdier
64:59 Two-Man Saw
72:08 Plate Mail Armor
72:09 Conscription
Connection lost

Rejoining the realm…

Still unreachable

The connection could not be restored.

Session expired

The server has moved on; the page needs a fresh start.